[Event "December 12 Late 2023"]
[Site "https://www.chess.com"]
[Date "2023.12.12"]
[Round "5"]
[White "Sherman, Raem"]
[Black "Bolourchifard, Farzad"]
[Result "0-1"]
[Board "40"]
[TimeControl "180+1"]
[WhiteFideId "2822288"]
[BlackFideId "12510084"]
[WhiteElo "2534"]
[BlackElo "2735"]
[WhiteTeam "ISR"]
[BlackTeam "IRI"]
[WhiteClock "0:00:11"]
[BlackClock "0:00:13"]

1. e4 e5 2. Nf3 Nc6 3. d4 exd4 4. Nxd4 Bc5 5. Nb3 Bb6 6. Nc3 d6 7. Qe2 Nf6 8. Be3 Be6 9. O-O-O O-O 10. h3 Re8 11. g4 Bxb3 12. axb3 Nxe4 13. Nxe4 Rxe4 14. Bg2 Re5 15. Qd2 Bxe3 16. fxe3 Qe7 17. Rde1 Re8 18. e4 a5 19. Rhf1 Ra8 20. c3 a4 21. bxa4 Rxa4 22. Kc2 Qe6 23. Ra1 Ra2 24. Rxa2 Qxa2 25. Qd3 Qa4+ 26. Kb1 Qb3 27. Rf5 g6 28. Rxe5 Nxe5 29. Qe2 Kg7 30. g5 b5 31. Qf2 Qe6 32. Bf1 c6 33. Be2 Nd7 34. Qf3 Nc5 35. Bd3 Qe5 36. h4 Ne6 37. Bc2 c5 38. Bd3 c4 39. Bf1 Nc5 40. Bg2 Nb3 41. Kc2 b4 42. Qf2 bxc3 43. bxc3 Nc5 44. Qf3 Nd3 45. Qe3 Qh2 46. Qe2 Nf4 47. Qxc4 Qxg2+ 48. Kb3 Ne6 49. Qd5 Qg3 50. Kb4 Nc5 51. Qd4+ Kg8 52. Qf6 Nd3+ 53. Kc4 Ne5+ 54. Kb3 Nc6 55. h5 Qe5 56. Qf3 Qb5+ 57. Kc2 Qxg5 58. hxg6 hxg6 59. Qd3 Qe5 60. Qf3 Qe6 61. Qf4 Ne5 62. Qg3 Kg7 63. Qf4 Qf6 64. Qe3 Qf3 65. Qd4 Qe2+ 66. Kb3 Qb5+ 67. Kc2 Qc6 68. Kb3 Kf6 69. Qf2+ Ke6 70. Qf4 Qc4+ 71. Kc2 Qd3+ 72. Kb3 Qb5+ 73. Kc2 Qe2+ 74. Kb3 d5 75. exd5+ Kxd5 76. Qd4+ Ke6 77. Qb6+ Kf5 78. Qc7 Qb5+ 79. Kc2 Qc4 80. Qd8 Ke4 81. Qa8+ Qd5 82. Qa4+ Nc4 83. Qe8+ Ne5 84. Qa4+ Ke3 85. Qa6 Qd3+ 86. Qxd3+ Nxd3 87. c4 f5 88. Kc3 f4 89. c5 Nxc5 0-1

[Event "December 12 Late 2023"]
[Site "https://www.chess.com"]
[Date "2023.12.12"]
[Round "5"]
[White "Fier, Alexandr"]
[Black "Korchynskyi, Mykola"]
[Result "0-1"]
[Board "41"]
[TimeControl "180+1"]
[WhiteFideId "2107139"]
[BlackFideId "34138005"]
[WhiteElo "2733"]
[BlackElo "2530"]
[WhiteTeam "BRA"]
[BlackTeam "UKR"]
[WhiteClock "0:01:41"]
[BlackClock "0:01:05"]

1. Nf3 d5 2. g3 Nf6 3. Bg2 Bf5 4. O-O e6 5. d3 Be7 6. Nbd2 O-O 7. Qe1 Bg6 8. e4 dxe4 9. dxe4 Nbd7 10. b3 Qc8 11. Bb2 Rd8 12. Nh4 Nb6 13. Nxg6 hxg6 14. Qe2 a5 15. a4 Ne8 16. h4 Nd7 17. Rad1 c6 18. h5 gxh5 19. Qxh5 Qc7 20. f4 Qb6+ 21. Kh2 Nef6 22. Qh3 Nf8 23. Nc4 Qa6 24. g4 b5 25. Ne5 bxa4 26. g5 N6h7 27. g6 fxg6 28. f5 exf5 29. exf5 gxf5 30. Qxf5 Bf6 31. Nxc6 Rxd1 32. Rxd1 Bxb2 33. Nd8 Qh6+ 34. Kg1 Rxd8 0-1

[Event "December 12 Late 2023"]
[Site "https://www.chess.com"]
[Date "2023.12.12"]
[Round "5"]
[White "Novikova, Galina"]
[Black "Timmermans, Mark"]
[Result "0-1"]
[Board "42"]
[TimeControl "180+1"]
[WhiteFideId "4157095"]
[BlackFideId "1026399"]
[WhiteElo "2501"]
[BlackElo "2721"]
[WhiteTeam "RUS"]
[BlackTeam "NED"]
[WhiteClock "0:00:00"]
[BlackClock "0:00:55"]

1. e4 e5 2. Nf3 Nc6 3. d4 exd4 4. Nxd4 Nf6 5. Bb5 Nxe4 6. O-O Be7 7. Re1 Nd6 8. Bxc6 dxc6 9. Qe2 c5 10. Nb3 c4 11. Nd4 c5 12. Nf3 Be6 13. Bf4 O-O 14. Nc3 Qb6 15. Rab1 Nf5 16. Be5 Rfe8 17. Qe4 Rad8 18. Rbd1 h6 19. h3 Bf8 20. Nd5 Qc6 21. Nc3 Qxe4 22. Nxe4 Bd5 23. Nc3 Bxf3 24. gxf3 Rxd1 25. Nxd1 Nd4 26. Kg2 f6 27. Bxd4 Rxe1 28. Ne3 cxd4 29. Nxc4 Re2 30. c3 d3 0-1

[Event "December 12 Late 2023"]
[Site "https://www.chess.com"]
[Date "2023.12.12"]
[Round "5"]
[White "Dyachuk, Artem"]
[Black "Bazilius, Augustinas"]
[Result "0-1"]
[Board "43"]
[TimeControl "180+1"]
[WhiteFideId "34107924"]
[BlackFideId "12832251"]
[WhiteElo "2713"]
[BlackElo "2484"]
[WhiteTeam "UKR"]
[BlackTeam "LTU"]
[WhiteClock "0:00:20"]
[BlackClock "0:00:09"]

1. e4 c5 2. Nf3 d6 3. d4 cxd4 4. Nxd4 Nf6 5. Nc3 Nc6 6. Bg5 e6 7. Qd2 Be7 8. O-O-O a6 9. f3 Bd7 10. h4 b5 11. Nxc6 Bxc6 12. Bd3 h6 13. Bf4 b4 14. Ne2 d5 15. e5 Nd7 16. Nd4 Qb6 17. Nxc6 Qxc6 18. Rh3 Nc5 19. Kb1 a5 20. Qe2 Nxd3 21. Rxd3 Kd7 22. Bc1 g5 23. f4 gxh4 24. f5 Bg5 25. Rhf3 Rhf8 26. f6 Rac8 27. Rf1 a4 28. Qf2 Qc5 29. Rd4 b3 30. c3 bxa2+ 31. Ka1 a3 32. Qe2 Bxc1 33. Rxc1 axb2+ 34. Qxb2 Rb8 35. Qd2 Rb3 36. Qxa2 Ra3 37. Rb4 Rxa2+ 38. Kxa2 Ra8+ 39. Kb3 Ra6 40. c4 Rb6 41. Rxb6 Qxb6+ 42. Kc2 dxc4 43. Rd1+ Kc7 44. Kc3 Qe3+ 45. Kxc4 Qe2+ 46. Rd3 Qxe5 47. Rf3 Qd5+ 48. Kc3 Qxf3+ 49. gxf3 h3 50. f4 h2 51. f5 exf5 52. Kd4 h1=Q 53. Ke5 Qc6 54. Kf4 Qxf6 55. Kg3 Qg5+ 56. Kf3 Qg4+ 57. Kf2 f4 58. Kf1 Qg3 59. Ke2 f3+ 60. Ke3 f2+ 61. Kd4 f1=Q 62. Kd5 Qh1+ 63. Kd4 Qgh2 64. Kc5 Qe1 65. Kc4 Qb2 66. Kc5 Qd1 67. Kc4 f5 68. Kc5 h5 69. Kc4 h4 70. Kc5 f4 71. Kc4 h3 72. Kc5 h2 73. Kc4 f3 74. Kc5 f2 75. Kc4 f1=R 76. Kc5 h1=R 77. Kc4 Rh4+ 78. Kc5 Rf5# 0-1

[Event "December 12 Late 2023"]
[Site "https://www.chess.com"]
[Date "2023.12.12"]
[Round "5"]
[White "Dubessay, Bastien"]
[Black "Aldokhin, Ivan"]
[Result "0-1"]
[Board "44"]
[TimeControl "180+1"]
[WhiteFideId "650048"]
[BlackFideId "24115720"]
[WhiteElo "2438"]
[BlackElo "2705"]
[WhiteTeam "FRA"]
[BlackTeam "RUS"]
[WhiteClock "0:00:24"]
[BlackClock "0:00:09"]

1. d4 Nf6 2. c4 g6 3. Nc3 Bg7 4. Nf3 d6 5. Bg5 O-O 6. e3 Nc6 7. Be2 Bd7 8. O-O e5 9. Qc2 h6 10. Bh4 exd4 11. exd4 g5 12. Bg3 Nh5 13. Rad1 g4 14. Bh4 Qc8 15. d5 gxf3 16. Bxf3 Nd4 17. Rxd4 Bxd4 18. Bxh5 Bf5 19. Qd2 Bg7 20. Qf4 Qd7 21. Ne4 Bxe4 22. Qxe4 Rae8 23. Qf3 Re5 24. Bg4 f5 25. Bh5 Re4 26. Bg3 Qe7 27. b3 f4 28. Bg6 Rd4 29. Bh4 Qxh4 30. Re1 Qg5 31. Bh5 Be5 32. h3 Qf5 33. Bg4 Qd3 34. Be6+ Kg7 35. Qg4+ Qg6 36. Qf3 Rd3 37. Qe2 f3 38. Qf1 Rd2 39. Bg4 fxg2 40. Qxg2 Rfxf2 41. Qe4 Qxe4 42. Rxe4 Bh2+ 0-1

[Event "December 12 Late 2023"]
[Site "https://www.chess.com"]
[Date "2023.12.12"]
[Round "5"]
[White "Xiong, Jeffery"]
[Black "Hajiyev, Kanan"]
[Result "1-0"]
[Board "45"]
[TimeControl "180+1"]
[WhiteFideId "2047640"]
[BlackFideId "13404148"]
[WhiteElo "3027"]
[BlackElo "2580"]
[WhiteTeam "USA"]
[BlackTeam "AZE"]
[WhiteClock "0:00:28"]
[BlackClock "0:00:00"]

1. Nf3 Nf6 2. c4 c6 3. Nc3 d5 4. cxd5 cxd5 5. d4 Nc6 6. Bf4 a6 7. Rc1 Bg4 8. Ne5 e6 9. f3 Bf5 10. g4 Bg6 11. h4 h5 12. Nxg6 fxg6 13. g5 Nd7 14. e4 Bb4 15. Bh3 O-O 16. Bxe6+ Kh7 17. Bg3 dxe4 18. fxe4 Qe7 19. Bd5 Nb6 20. Bxc6 bxc6 21. Qe2 Rad8 22. Rd1 a5 23. Rf1 a4 24. Rxf8 Rxf8 25. Rd3 Nc4 26. Rd1 Nxb2 27. Qxb2 Qxe4+ 28. Kd2 Qg2+ 29. Kc1 Qxb2+ 30. Kxb2 Rf3 31. Be1 a3+ 32. Kb3 c5 33. d5 Re3 34. d6 Re8 35. d7 Rd8 36. Bg3 Ba5 37. Ne4 Bb6 38. Kc4 Kg8 39. Kb5 Ba7 40. Bc7 Rf8 41. d8=Q 1-0

[Event "December 12 Late 2023"]
[Site "https://www.chess.com"]
[Date "2023.12.12"]
[Round "5"]
[White "Tari, Aryan"]
[Black "Khater, Sherif"]
[Result "1-0"]
[Board "46"]
[TimeControl "180+1"]
[WhiteFideId "1510045"]
[BlackFideId "2034280"]
[WhiteElo "2861"]
[BlackElo "2565"]
[WhiteTeam "NOR"]
[BlackTeam "USA"]
[WhiteClock "0:01:50"]
[BlackClock "0:01:36"]

1. a3 a6 2. e4 c6 3. d4 d5 4. Nc3 dxe4 5. Nxe4 Nf6 6. Ng3 e5 7. Nf3 exd4 8. Qxd4 Qxd4 9. Nxd4 Bc5 10. Ndf5 O-O 11. Be3 Re8 12. O-O-O Bxf5 13. Nxf5 Bxe3+ 14. Nxe3 Nbd7 15. Bc4 Ne5 16. Bb3 Neg4 17. Nxg4 Nxg4 18. Rd7 Rf8 19. Rxb7 a5 20. Re1 a4 21. Bc4 Rab8 22. Bxf7+ Kh8 23. Rxb8 Rxb8 24. Re8+ Rxe8 25. Bxe8 1-0

[Event "December 12 Late 2023"]
[Site "https://www.chess.com"]
[Date "2023.12.12"]
[Round "5"]
[White "Yuan, Qingyu"]
[Black "Estrada Nieto, Julian"]
[Result "1-0"]
[Board "47"]
[TimeControl "180+1"]
[WhiteFideId "8609772"]
[BlackFideId "5101018"]
[WhiteElo "2783"]
[BlackElo "2545"]
[WhiteTeam "CHN"]
[BlackTeam "ESP"]
[WhiteClock "0:00:30"]
[BlackClock "0:00:12"]

1. e4 e5 2. Nf3 Nc6 3. Bb5 a6 4. Ba4 Nf6 5. d3 d6 6. c3 g6 7. O-O Bg7 8. Re1 O-O 9. Nbd2 b5 10. Bc2 Re8 11. a4 Bb7 12. b4 d5 13. Nb3 dxe4 14. dxe4 Nd7 15. Qe2 bxa4 16. Rxa4 Nb6 17. Ra1 Nd7 18. Bg5 Bf6 19. Be3 Qe7 20. Bd3 Qe6 21. Bc4 Qe7 22. Bxa6 Bxa6 23. Rxa6 Rxa6 24. Qxa6 Qe6 25. Nfd2 Ndb8 26. Qb5 Rd8 27. h3 Nd7 28. Ra1 Rb8 29. Qd3 Nb6 30. Nc5 Qe7 31. Ra6 Kg7 32. Qb5 Qe8 33. Qf1 Nd8 34. Ra7 Qe7 35. Na6 Rb7 36. Rxb7 Nxb7 37. Nc4 Nd7 38. Nxc7 Ndc5 39. Nd5 Qe6 40. bxc5 Bd8 41. Qb1 Na5 42. Nxa5 Bxa5 43. Qb5 Bd8 44. c6 f5 45. Qb7+ Kg8 46. Bh6 Qf7 47. Qxf7+ Kxf7 48. c7 Bxc7 49. Nxc7 f4 50. h4 Ke7 51. Nd5+ Ke6 52. f3 Kd7 53. Kf1 Kc6 54. Ke2 Kc5 55. Kd3 Kd6 56. Kc4 Ke6 57. Kb5 Kf7 58. Kb6 Kg8 59. Kb7 Kh8 60. c4 g5 61. hxg5 Kg8 62. c5 Kf7 63. c6 Kg6 64. c7 Kh5 65. c8=Q Kg6 66. Qe8# 1-0

[Event "December 12 Late 2023"]
[Site "https://www.chess.com"]
[Date "2023.12.12"]
[Round "5"]
[White "Grutter, Tim"]
[Black "Zou, Chen"]
[Result "0-1"]
[Board "48"]
[TimeControl "180+1"]
[WhiteFideId "1057472"]
[BlackFideId "8610959"]
[WhiteElo "2526"]
[BlackElo "2753"]
[WhiteTeam "NED"]
[BlackTeam "CHN"]
[WhiteClock "0:00:00"]
[BlackClock "0:00:37"]

1. e4 c5 2. Nf3 Nc6 3. d3 g6 4. g3 Bg7 5. Bg2 d6 6. O-O e6 7. c3 Nge7 8. d4 cxd4 9. cxd4 O-O 10. Nc3 b6 11. Be3 Bb7 12. Qd2 Re8 13. Rac1 Rc8 14. Rfd1 Qd7 15. b3 Red8 16. Bh3 d5 17. e5 Nf5 18. Bxf5 exf5 19. Bh6 Ba6 20. Bg5 Re8 21. Nh4 Nd8 22. Bxd8 Rcxd8 23. Ng2 Bb7 24. Qd3 Bf8 25. Qb5 Bc6 26. Qa6 Rc8 27. Ne3 Bh6 28. f4 Bf8 29. Ncxd5 Bg7 30. Nc3 Bf3 31. Rd2 Rc7 32. d5 Rec8 33. Rdc2 Bf8 34. d6 Bxd6 35. exd6 Qxd6 36. Nb5 Qd3 37. Rxc7 Qxe3+ 0-1

[Event "December 12 Late 2023"]
[Site "https://www.chess.com"]
[Date "2023.12.12"]
[Round "5"]
[White "Haydon, David L"]
[Black "Chocenka, Dmitrijus"]
[Result "1-0"]
[Board "49"]
[TimeControl "180+1"]
[WhiteFideId "415405"]
[BlackFideId "12802336"]
[WhiteElo "2749"]
[BlackElo "2502"]
[WhiteTeam "ENG"]
[BlackTeam "LTU"]
[WhiteClock "0:00:32"]
[BlackClock "0:00:21"]

1. e4 c5 2. Nf3 Nc6 3. Bb5 d6 4. Bxc6+ bxc6 5. d3 g6 6. O-O Bg7 7. h3 e5 8. a3 Ne7 9. b4 cxb4 10. axb4 O-O 11. Be3 a5 12. Qd2 a4 13. Na3 Bd7 14. c4 d5 15. Bc5 Re8 16. b5 dxe4 17. dxe4 cxb5 18. cxb5 Be6 19. Qb4 Nc8 20. b6 Rb8 21. b7 Ne7 22. Bd6 Nc6 23. Qc5 Na5 24. Bxb8 Nxb7 25. Qb5 Qxb8 26. Qxa4 Nc5 27. Qc2 Nb3 28. Rab1 Qb4 29. Ng5 Qxa3 30. Nxe6 Nd4 31. Nxd4 exd4 32. Qc6 Qe7 33. Rfe1 Be5 34. Rbd1 Kg7 35. g3 g5 36. Kg2 h5 37. Rd3 h4 38. gxh4 gxh4 39. Rf3 Rd8 40. Rd1 Rd6 41. Qc4 Rg6+ 42. Kh1 Qg5 43. Qf1 Qh5 44. Rf5 Rg5 45. Rxg5+ Qxg5 46. Qg2 Kf6 47. Qf3+ Ke6 48. Rg1 Qf4 49. Qxf4 Bxf4 50. Kg2 Ke5 51. Kf3 d3 52. Ra1 d2 53. Ra5+ Kd4 54. Rd5+ Kc3 55. Kxf4 Kc2 56. Kg4 d1=Q+ 57. Rxd1 Kxd1 58. Kxh4 Ke2 59. Kg3 Kd3 60. Kf4 Ke2 61. f3 Kf2 62. h4 1-0

[Event "December 12 Late 2023"]
[Site "https://www.chess.com"]
[Date "2023.12.12"]
[Round "5"]
[White "Rodriguez Fontecha, Marcos"]
[Black "Shuvalova, Polina"]
[Result "0-1"]
[Board "50"]
[TimeControl "180+1"]
[WhiteFideId "2256576"]
[BlackFideId "24171760"]
[WhiteElo "2489"]
[BlackElo "2731"]
[WhiteTeam "ESP"]
[BlackTeam "RUS"]
[WhiteClock "0:00:09"]
[BlackClock "0:00:12"]

1. d4 Nf6 2. Nf3 d5 3. c3 c6 4. Bf4 g6 5. e3 Bg7 6. Bd3 O-O 7. O-O a5 8. Nbd2 Bg4 9. h3 Bxf3 10. Nxf3 Nbd7 11. b4 e6 12. Qb3 a4 13. Qc2 b5 14. Nd2 Nh5 15. Bh2 f5 16. f3 Nhf6 17. e4 Nb6 18. Rae1 Qd7 19. Re2 Rae8 20. Rfe1 Kh8 21. Qb1 Ng8 22. exd5 exd5 23. Be5 Nf6 24. Nf1 Nh5 25. Bh2 f4 26. Qc1 Bh6 27. Re5 Rxe5 28. Rxe5 Bg7 29. Re2 Nc8 30. Qe1 Bf6 31. Re6 Kg7 32. Nd2 Rf7 33. Nb1 Nd6 34. Re2 Re7 35. Na3 Rxe2 36. Qxe2 Qe7 37. Qxe7+ Bxe7 38. Nc2 Bh4 39. Kf1 Kf6 40. Ne1 h6 41. Be2 Bxe1 42. Kxe1 g5 43. Bd3 Ng7 44. Bg1 Ngf5 45. Bf2 Nc4 46. Bxc4 dxc4 47. Ke2 Ne7 48. Kd2 Nd5 49. Bg1 Kf5 50. Bf2 h5 51. Bg1 g4 52. Bf2 g3 53. Bg1 Ke6 54. a3 Kf6 55. Kc2 Kf7 56. Kd2 Ke6 57. Kc2 Ne7 58. Kd2 Nf5 59. Ke2 Kd5 60. Ke1 Kd6 61. Ke2 Ke6 62. Ke1 Nh4 63. Kf1 Kd5 64. Ke2 Nxg2 65. Kd2 Nh4 66. Ke2 Nf5 67. Kf1 Ke6 68. Ke2 Kd6 69. Kf1 Kd5 70. Ke2 Nh4 0-1

[Event "December 12 Late 2023"]
[Site "https://www.chess.com"]
[Date "2023.12.12"]
[Round "5"]
[White "Sai Krishna G V"]
[Black "Marin Posada, Sebastian"]
[Result "0-1"]
[Board "51"]
[TimeControl "180+1"]
[WhiteFideId "5028280"]
[BlackFideId "4402782"]
[WhiteElo "2714"]
[BlackElo "2442"]
[WhiteTeam "IND"]
[BlackTeam "COL"]
[WhiteClock "0:00:20"]
[BlackClock "0:00:19"]

1. d4 d5 2. c4 c6 3. Nc3 Nf6 4. Nf3 e6 5. Bg5 dxc4 6. e4 b5 7. e5 h6 8. Bh4 g5 9. Nxg5 hxg5 10. Bxg5 Nbd7 11. Qf3 Qb6 12. Bxf6 Nxf6 13. Qxf6 Rg8 14. Rd1 Be7 15. Qf4 Bb7 16. h4 O-O-O 17. Qxf7 Bb4 18. Qxe6+ Kb8 19. h5 Rge8 20. Qg4 c5 21. dxc5 Rxd1+ 22. Kxd1 Qxc5 23. Be2 Rd8+ 24. Kc1 Bxc3 25. bxc3 Qa3+ 26. Kc2 Qxa2+ 27. Kc1 Rd2 28. Qg8+ Bc8 29. Bxc4 Qb2# 0-1

[Event "December 12 Late 2023"]
[Site "https://www.chess.com"]
[Date "2023.12.12"]
[Round "5"]
[White "Kujawski, Adam"]
[Black "Thomforde-Toates, Noah"]
[Result "0-1"]
[Board "52"]
[TimeControl "180+1"]
[WhiteFideId "1100920"]
[BlackFideId "30951992"]
[WhiteElo "2360"]
[BlackElo "2690"]
[WhiteTeam "POL"]
[BlackTeam "USA"]
[WhiteClock "0:00:00"]
[BlackClock "0:01:31"]

1. d4 Nf6 2. Bf4 g6 3. Nc3 d6 4. e4 c6 5. a4 a5 6. Qd2 Na6 7. f3 Nb4 8. O-O-O Qb6 9. Bc4 Be6 10. Bxe6 fxe6 11. Nh3 Kd7 12. Ng5 h6 13. Nf7 Rh7 14. Nxh6 Bxh6 15. Bxh6 Rc8 16. Bg5 c5 17. Bxf6 exf6 18. d5 e5 19. f4 Kc7 20. fxe5 fxe5 21. Rdf1 Kb8 22. Rf6 c4 23. Qg5 Rd7 24. Rhf1 Qd4 25. Qd2 Qc5 26. Nb5 Qb6 27. R1f3 Qg1+ 28. Rf1 Qxh2 29. Nxd6 c3 30. bxc3 Na2+ 31. Kb2 Nxc3 32. Nxc8 Nxa4+ 33. Ka3 Nc5 34. Qc3 Nxe4 35. Qc4 Qxg2 0-1

[Event "December 12 Late 2023"]
[Site "https://www.chess.com"]
[Date "2023.12.12"]
[Round "5"]
[White "Flash_BJ"]
[Black "Boyer, Mahel"]
[Result "0-1"]
[Board "53"]
[TimeControl "180+1"]
[BlackFideId "45102422"]
[WhiteElo "2221"]
[BlackElo "2620"]
[BlackTeam "FRA"]
[WhiteClock "0:00:00"]
[BlackClock "0:01:33"]

1. e4 Nc6 2. d3 d5 3. Nd2 e5 4. Ngf3 f6 5. c3 Be6 6. Be2 Nge7 7. b4 Ng6 8. b5 Na5 9. Qa4 b6 10. Nb3 Nb7 11. h4 h5 12. Be3 Qd7 13. c4 d4 14. Bd2 a5 15. Nc1 Bd6 16. Qc2 O-O 17. a4 Bb4 18. Nb3 Nf4 19. Bf1 Bg4 20. O-O-O Qd6 21. Kb1 Bxf3 22. gxf3 Bxd2 23. Qxd2 Qb4 24. Qa2 Nc5 25. Kc2 Qc3+ 0-1

[Event "December 12 Late 2023"]
[Site "https://www.chess.com"]
[Date "2023.12.12"]
[Round "5"]
[White "Svane, Frederik"]
[Black "Todev, Simeon"]
[Result "0-1"]
[Board "54"]
[TimeControl "180+1"]
[WhiteFideId "12923044"]
[BlackFideId "2925133"]
[WhiteElo "2953"]
[BlackElo "2349"]
[WhiteTeam "GER"]
[BlackTeam "BUL"]
[WhiteClock "0:00:35"]
[BlackClock "0:00:23"]

1. h4 e5 2. g3 d5 3. Bg2 Be6 4. Nf3 Nc6 5. d3 Qd7 6. c3 Bc5 7. b4 Bd6 8. Ng5 Nf6 9. Nxe6 Qxe6 10. Nd2 O-O 11. O-O Rad8 12. Qb3 a6 13. e4 d4 14. Qxe6 fxe6 15. cxd4 Nxd4 16. a3 Ng4 17. Nc4 Ne2+ 18. Kh1 Nxf2+ 19. Kh2 Ng4+ 20. Kh3 Nf2+ 21. Kh2 Ng4+ 22. Kh3 Nf2+ 23. Rxf2 Rxf2 24. Be3 Rf7 25. Na5 b6 26. Nc6 Rdf8 27. a4 Nd4 28. Bxd4 exd4 29. e5 Be7 30. b5 axb5 31. axb5 Bc5 32. Ra7 g6 33. Be4 Rd7 34. Kg4 Kg7 35. Rb7 h5+ 36. Kg5 Ba3 37. Bxg6 Bc1+ 38. Kxh5 Rh8+ 39. Kg4 Kxg6 40. Ra7 Rf8 41. Ra1 Be3 42. Nb4 Rdf7 43. Ra7 Bf2 44. Ra2 Rf3 45. Rxf2 Rxf2 46. Nc6 Rd2 47. Nxd4 Rxd3 48. Nxe6 Rfd8 49. Nf4+ Kf7 50. Kf5 Rxg3 51. h5 Rdg8 52. e6+ Ke7 53. Ke5 R8g5+ 54. Ke4 R3g4 55. Kf3 Rxf4+ 56. Kxf4 Rxh5 57. Ke4 Rxb5 58. Kd4 Kxe6 59. Kc4 Rc5+ 60. Kb4 Kd6 61. Kb3 Kc6 62. Kb4 Rb5+ 63. Kc4 Rg5 64. Kc3 Rg4 65. Kd3 b5 66. Kc3 Kc5 67. Kd3 c6 68. Kc3 b4+ 69. Kd3 Kb5 70. Ke3 c5 71. Kd3 c4+ 72. Ke3 Rg7 73. Kd4 Rd7+ 74. Ke4 c3 75. Ke5 c2 76. Ke6 c1=Q 77. Ke5 Qc5+ 78. Ke6 Qd6+ 79. Kf5 Rf7+ 80. Ke4 Rf4+ 81. Ke3 Qd4+ 82. Ke2 Rf2+ 83. Ke1 Qd2# 0-1

[Event "December 12 Late 2023"]
[Site "https://www.chess.com"]
[Date "2023.12.12"]
[Round "5"]
[White "Zhigalko, Sergei"]
[Black "Karas, Marek"]
[Result "1-0"]
[Board "55"]
[TimeControl "180+1"]
[WhiteFideId "13502956"]
[BlackFideId "14928558"]
[WhiteElo "2947"]
[BlackElo "2517"]
[WhiteTeam "BLR"]
[BlackTeam "CZE"]
[WhiteClock "0:00:04"]
[BlackClock "0:00:00"]

1. e4 e6 2. d4 d5 3. e5 c5 4. c3 Qb6 5. Nf3 Bd7 6. Be2 Bb5 7. Bxb5+ Qxb5 8. a4 Qd7 9. O-O Nc6 10. dxc5 Bxc5 11. Nbd2 Nge7 12. Nb3 Bb6 13. Re1 Nf5 14. Bf4 O-O 15. Qd3 f6 16. exf6 Rxf6 17. a5 Bd8 18. Nc5 Qf7 19. Ng5 Qg6 20. Ngxe6 Nh4 21. Qxg6 Rxg6 22. Bg3 Nf5 23. Nxd8 Rxd8 24. Nxb7 Rf8 25. Nc5 d4 26. a6 dxc3 27. bxc3 h6 28. Rad1 Rf7 29. Re8+ Kh7 30. Ne6 Rgf6 31. h3 Nxg3 32. fxg3 Ne7 33. Rd7 Rxe6 34. Rxa7 Kg6 35. Rb7 Rxa6 36. Rexe7 Rxe7 37. Rxe7 Ra1+ 38. Kh2 Rc1 39. Rc7 Rc2 40. g4 Kf6 41. h4 Kg6 42. Kg3 Kf6 43. Kf3 Kg6 44. g3 Kf6 45. Kf4 g5+ 46. Ke4 Rg2 47. Kf3 Rc2 48. h5 Rc1 49. Ke2 Rg1 50. Kf2 Rc1 51. Rh7 Rxc3 52. Rxh6+ Ke5 53. Rg6 Ke4 54. Rxg5 Rc2+ 55. Ke1 Kf3 56. Rg6 Rh2 57. Kd1 Kxg3 58. h6 Kf4 59. g5 Kf5 60. Rg7 Ke6 61. h7 Kf5 62. g6 1-0

[Event "December 12 Late 2023"]
[Site "https://www.chess.com"]
[Date "2023.12.12"]
[Round "5"]
[White "YurasovMat-2012"]
[Black "Maksimovic, Bojan"]
[Result "1-0"]
[Board "56"]
[TimeControl "180+1"]
[BlackFideId "14408120"]
[WhiteElo "2515"]
[BlackElo "2849"]
[BlackTeam "BIH"]
[WhiteClock "0:00:50"]
[BlackClock "0:00:24"]

1. e4 a6 2. d4 e6 3. Nf3 d5 4. Nc3 Nf6 5. Bd3 c5 6. dxc5 Bxc5 7. O-O O-O 8. exd5 exd5 9. Bg5 Be6 10. Ne2 Bg4 11. Ng3 h6 12. Bf4 Nc6 13. h3 Nh5 14. Nxh5 Bxh5 15. c3 Qf6 16. Bg3 Rfe8 17. Be2 Rad8 18. Nd4 Bxe2 19. Nxe2 d4 20. cxd4 Nxd4 21. Nxd4 Bxd4 22. Qb3 b5 23. a4 Bxb2 24. Rab1 Bd4 25. axb5 axb5 26. Qxb5 Qg6 27. Kh2 h5 28. Rfd1 Bf6 29. Qc4 Rc8 30. Qb4 Qg5 31. h4 Qf5 32. Rbc1 Rxc1 33. Rxc1 Kh7 34. Rc5 Qe4 35. Rxh5+ Kg6 36. Qb5 Rc8 37. f3 Qe6 38. Qd3+ Qf5 39. Qxf5# 1-0

[Event "December 12 Late 2023"]
[Site "https://www.chess.com"]
[Date "2023.12.12"]
[Round "5"]
[White "Tapie Amione, Pablo Adib"]
[Black "Hong, Andrew"]
[Result "0-1"]
[Board "57"]
[TimeControl "180+1"]
[WhiteFideId "5107180"]
[BlackFideId "2099438"]
[WhiteElo "2515"]
[BlackElo "2815"]
[WhiteTeam "MEX"]
[BlackTeam "USA"]
[WhiteClock "0:01:11"]
[BlackClock "0:02:17"]

1. e4 e5 2. Nf3 Nc6 3. Bb5 a6 4. Ba4 d6 5. c3 Nf6 6. Bxc6+ bxc6 7. d3 c5 8. c4 Bg4 9. Qa4+ Qd7 10. Qxd7+ Nxd7 11. Nfd2 Be7 12. Nf1 h5 13. Nc3 c6 14. h4 Nf8 15. f3 Bd7 16. Ne3 Ne6 17. g3 Nd4 18. Kf2 f5 19. exf5 Nxf5 20. Ne4 Nd4 21. Kg2 O-O 22. Rf1 Rfb8 23. Rf2 a5 24. Nc3 a4 25. Nc2 Bf5 26. Nxd4 cxd4 27. Ne4 d5 28. cxd5 cxd5 29. Bg5 dxe4 30. Bxe7 e3 0-1

[Event "December 12 Late 2023"]
[Site "https://www.chess.com"]
[Date "2023.12.12"]
[Round "5"]
[White "Petukhov, Dmitry"]
[Black "Kadric, Denis"]
[Result "0-1"]
[Board "58"]
[TimeControl "180+1"]
[WhiteFideId "4142748"]
[BlackFideId "14403803"]
[WhiteElo "2511"]
[BlackElo "2794"]
[WhiteTeam "RUS"]
[BlackTeam "MNE"]
[WhiteClock "0:00:32"]
[BlackClock "0:02:00"]

1. e4 d6 2. d4 Nf6 3. Nc3 e5 4. dxe5 dxe5 5. Qxd8+ Kxd8 6. f4 Bb4 7. Bd2 exf4 8. O-O-O Nbd7 9. Nh3 Re8 10. Ng5 Re7 11. e5 Nxe5 12. Bxf4+ Ke8 13. Nb5 Ba5 14. Na3 Bg4 15. Rd4 Bb6 16. Rd2 Ng6 17. Bg3 Be3 18. Bc4 Bxg5 0-1

[Event "December 12 Late 2023"]
[Site "https://www.chess.com"]
[Date "2023.12.12"]
[Round "5"]
[White "Senft, Sean"]
[Black "Brodsky, David"]
[Result "0-1"]
[Board "59"]
[TimeControl "180+1"]
[WhiteFideId "2044960"]
[BlackFideId "2073250"]
[WhiteElo "2508"]
[BlackElo "2789"]
[WhiteTeam "USA"]
[BlackTeam "USA"]
[WhiteClock "0:00:13"]
[BlackClock "0:00:07"]

1. d4 Nf6 2. c4 e6 3. Nc3 Bb4 4. Nf3 Bxc3+ 5. bxc3 d6 6. Bg5 h6 7. Bh4 O-O 8. e3 b6 9. Bd3 Bb7 10. O-O Nbd7 11. Nd2 c5 12. f4 d5 13. Nf3 Qc7 14. cxd5 exd5 15. Ne5 Ne4 16. Bxe4 dxe4 17. Qg4 f5 18. Qg6 Nxe5 19. fxe5 cxd4 20. cxd4 Qc3 21. Rfe1 Bd5 22. Rac1 Qd2 23. Bf6 Rf7 24. Bh4 Re8 25. Qd6 Qxa2 26. Rc7 Rxc7 27. Qxc7 Bf7 28. Rc1 f4 29. Bf2 Qd2 30. Re1 f3 31. gxf3 exf3 32. Qc6 Qa2 33. Qxf3 Rf8 34. Qg2 Bd5 35. e4 Bc4 36. d5 Qd2 37. e6 Qf4 38. Bg3 Qg5 39. d6 Bxe6 40. e5 Re8 41. Rd1 Qf5 42. d7 Bxd7 43. Bh4 Rf8 44. Bg3 Be6 45. Re1 Kh7 46. Rf1 Qxf1+ 47. Qxf1 Rxf1+ 48. Kxf1 Kg6 49. Bf2 Kf5 50. Bg3 g5 51. Kf2 h5 52. Kg2 h4 53. Bf2 Kxe5 54. Be1 Kf5 55. Bd2 Bd5+ 56. Kf2 Be4 57. Bc3 a5 58. Ke3 a4 59. Bb4 b5 60. Kf2 g4 61. Bc5 Bf3 62. Be7 h3 63. Ba3 Ke4 64. Bf8 Kd3 65. Ke1 Kc2 66. Kf2 Kb3 67. Ke3 a3 68. Kd2 b4 69. Kc1 a2 70. Bg7 g3 71. hxg3 h2 0-1

[Event "December 12 Late 2023"]
[Site "https://www.chess.com"]
[Date "2023.12.12"]
[Round "5"]
[White "Makaraci, Tunahan"]
[Black "Troff, Kayden"]
[Result "0-1"]
[Board "60"]
[TimeControl "180+1"]
[WhiteFideId "6356559"]
[BlackFideId "2047896"]
[WhiteElo "2503"]
[BlackElo "2773"]
[WhiteTeam "TUR"]
[BlackTeam "USA"]
[WhiteClock "0:00:00"]
[BlackClock "0:00:24"]

1. e4 c5 2. c3 g6 3. Nf3 Bg7 4. d4 cxd4 5. cxd4 d5 6. e5 Nc6 7. Bb5 Nh6 8. O-O O-O 9. Bxc6 bxc6 10. Nbd2 f6 11. exf6 Rxf6 12. Ne5 Nf7 13. Ndf3 Bf5 14. Nxf7 Rxf7 15. h3 c5 16. dxc5 e5 17. Bg5 Qd7 18. Rc1 Qc6 19. Re1 Re8 20. b4 a6 21. Qb3 d4 22. Nxd4 exd4 23. Rxe8+ Qxe8 24. a4 Bd7 25. Qc4 Bxa4 26. Qxa6 Bb5 27. Qb6 Bc6 28. b5 Bd5 29. c6 Qe4 30. f3 Rxf3 31. gxf3 Qxf3 32. Qb8+ Bf8 33. Qh2 Bd6 0-1